 Dungeon Crawl Stone Soup version 0.29-a0-557-g43b9904bd1 (webtiles) character file.

Game seed: 10881312292063444509

2236 ZappyNine the Covert (level 9, -9/56 HPs)
             Began as a Kobold Berserker on June 8, 2022.
             Was a Believer of Trog.
             Mangled by a hornet (11 damage)
             ... while paralysed by a hornet
             ... on level 7 of the Dungeon.
             The game lasted 00:07:50 (8287 turns).

ZappyNine the Covert (Kobold Berserker)             Turns: 8287, Time: 00:07:51

Health: -9/56      AC:  3    Str: 14    XL:     9   Next: 63%
Magic:  9/9        EV:  3    Int:  9    God:    Trog [**....]
Gold:   374        SH:  0    Dex: 18    Spells: 8/8 levels left

rFire   . . .      SeeInvis +   h - +2 dagger (venom)
rCold   . . .      Faith    .   (no shield)
rNeg    . . .      Spirit   .   b - +0 animal skin
rPois   .          Reflect  .   (no helmet)
rElec   .          Harm     .   l - +0 cloak
rCorr   .          Rampage  .   (no gloves)
Will    .....                   (no boots)
Stlth   ++++++....              (no amulet)
HPRegen 0.18/turn               t - ring of see invisible
MPRegen 0.11/turn               s - ring of flight

@: paralysed, flying, slowed
A: small, no large weapons, nightstalker 3
a: Renounce Religion, Berserk, Trog's Hand


You were on level 7 of the Dungeon.
You worshipped Trog.
Trog was pleased with you.
You visited 1 branch of the dungeon, and saw 7 of its levels.
You also visited: Sewer.

You collected 374 gold pieces.

Inventory:

Hand Weapons
 h - a +2 dagger of venom (weapon)
 o - a +2 short sword of venom
Armour
 b - a +0 animal skin (worn)
 l - a +0 cloak (worn)
Jewellery
 s - a ring of flight (right hand)
 t - a ring of see invisible (left hand)
 A - a ring of positive energy
Wands
 m - a wand of flame (34)
 B - a wand of iceblast (2)
Scrolls
 c - 4 scrolls of teleportation {unknown}
 d - 2 scrolls of blinking {unknown}
 g - 5 scrolls of identify {unknown}
 j - 2 scrolls of amnesia {unknown}
 p - a scroll of immolation {unknown}
 q - a scroll of summoning {unknown}
 r - a scroll of enchant armour {unknown}
 w - 2 scrolls of vulnerability {unknown}
 y - a scroll of fog {unknown}
 z - a scroll of enchant weapon {unknown}
Potions
 a - 2 potions of degeneration {unknown}
 e - 3 potions of curing
 f - a potion of magic {unknown}
 i - a potion of brilliance {unknown}
 k - 4 potions of heal wounds {unknown}
 n - 2 potions of attraction {unknown}
 u - 2 potions of lignification {unknown}
 v - 2 potions of might {unknown}
 x - 3 potions of haste {unknown}


   Skills:
 + Level 6.8 Fighting
 + Level 8.3 Short Blades
 - Level 1.5 Armour
 + Level 6.5 Dodging
 * Level 11.0 Stealth


You had 8 spell levels left.
You didn't know any spells.
Your spell library was empty.

Dungeon Overview and Level Annotations

Branches:
Dungeon (7/15)             Temple (0/1) D:7           Sewer (visited)

Altars:
Trog

Shops:
D:1 (


Innate Abilities, Weirdness & Mutations

You are small and have problems with some larger weapons.
You are completely attuned to the shadows.


Message History

A hornet comes into view.
You hit the orc but do no damage.
The orc is poisoned.
The orc is moderately wounded.
You hit the orc but do no damage.
The orc looks as sick as possible!
The orc is moderately wounded.
The orc hits you with a +0 dagger. The orc hits you with a +0 mace!
The orc priest mumbles some strange prayers to Beogh against you.
Beogh smites you!
You hit the orc but do no damage.
The orc looks as sick as possible!
The orc is moderately wounded.
The orc closely misses you. The orc hits you but does no damage.
The orc priest attacks as you move away!
The orc priest hits you but does no damage.
You kill the orc!
Trog accepts your kill. The orc hits you with a +0 dagger.
The orc priest begins to cast a cantrip, but forgets the words!
The hornet attacks as you move away! The hornet stings you.
You feel yourself slow down.
You feel yourself speed up. The hornet stings you!
You feel yourself slow down. The hornet stings you.
You are poisoned.
You feel as though you will be slow longer.
The hornet attacks as you move away! The hornet misses you.
You feel very sick.
The orc priest miscasts a cantrip.
The hornet stings you!
* * * LOW HITPOINT WARNING * * *
You feel as though you will be slow longer.
* * * LOW HITPOINT WARNING * * *
You feel sick. The hornet completely misses you.
It was a potion of curing.
You feel better. The hornet completely misses you. The hornet misses you.
The orc misses you. The orc hits you with a +0 dagger.
* * * LOW HITPOINT WARNING * * *
You feel better. The hornet misses you. The hornet stings you!
* * * LOW HITPOINT WARNING * * *
You suddenly lose the ability to move!
An orc comes into view. It is wielding a +0 whip.
The orc hits you but does no damage. x2; The hornet stings you!
You die...

... .... #.#.####
.......#####
#).o..oo.########
#.##.oy@........# #.
#..##.######.# #.
#..##.# #.# ##.
#..##.# #.#
...##..##.### #.####
#..<...)...# #.....
####.....#.####..###
##..............#.
..................


You could see a hornet, an orc priest and 3 orcs.

Vanquished Creatures
  Grinder (D:3)
  Sigmund (D:5)
  2 water moccasins
  Pargi (Sewer)
  An orc warrior (D:6)
  2 ice beasts (D:6)
  4 ogres
  A black bear (D:4)
  A phantom (D:5)
  A necrophage (D:6)
  A scorpion (D:5)
  2 howler monkeys
  3 hounds (D:5)
  3 orc priests
  2 jellies (D:6)
  A gnoll shaman (D:6)
  Jessica (D:2)
  Ijyb (D:3)
  3 orc wizards
  3 adders (D:2)
  3 gnolls (D:6)
  A shadow imp (D:6)
  3 white imps
  5 worms
  2 dart slugs (D:3)
  26 orcs
  6 ball pythons
  9 endoplasms
  3 giant cockroaches
  4 hobgoblins
  2 jackals (D:2)
  5 quokkas
  9 bats
  6 frilled lizards
  5 goblins
  7 kobolds
  7 rats
138 creatures vanquished.

Notes
Turn   | Place    | Note
-------+----------+-------------------------------------------
     0 | D:1      | ZappyNine the Kobold Berserker began the quest for the Orb.
     0 | D:1      | Reached XP level 1. HP: 14/14 MP: 1/1
   176 | D:1      | Reached skill level 1 in Stealth
   353 | D:1      | Reached XP level 2. HP: 17/19 MP: 2/2
   483 | D:1      | Reached skill level 2 in Stealth
   522 | D:1      | Found Waosmy's Weapon Shop.
   913 | D:2      | Noticed Jessica
   917 | D:2      | Killed Jessica
   918 | D:2      | Reached skill level 3 in Stealth
   918 | D:2      | Reached XP level 3. HP: 24/24 MP: 3/3
   963 | D:2      | Reached XP level 4. HP: 23/29 MP: 4/4
  1235 | D:2      | Reached ** piety under Trog
  1303 | D:2      | Found a faded altar of an unknown god.
  1368 | D:2      | Reached skill level 4 in Stealth
  1394 | D:2      | Reached XP level 5. HP: 26/33 MP: 5/5
  1933 | D:3      | Noticed Ijyb
  1937 | D:3      | Killed Ijyb
  1938 | D:3      | Reached skill level 5 in Short Blades
  2016 | D:3      | Noticed Grinder
  2030 | D:3      | Killed Grinder
  2031 | D:3      | Reached skill level 5 in Stealth
  2031 | D:3      | Reached XP level 6. HP: 34/39 MP: 6/6
  2068 | D:3      | Found a glowing drain.
  2078 | Sewer    | Entered a sewer
  2153 | Sewer    | Noticed Pargi
  2166 | Sewer    | Killed Pargi
  2167 | Sewer    | Reached skill level 6 in Stealth
  2167 | Sewer    | Reached XP level 7. HP: 36/44 MP: 7/7
  3251 | D:4      | Reached skill level 5 in Fighting
  3255 | D:4      | Reached skill level 7 in Stealth
  3860 | D:4      | Reached XP level 8. HP: 49/49 MP: 8/8
  4222 | D:5      | Entered Level 5 of the Dungeon
  4624 | D:5      | Noticed Sigmund
  4627 | D:5      | Killed Sigmund
  4628 | D:5      | Reached skill level 8 in Stealth
  4731 | D:5      | Reached skill level 5 in Dodging
  4864 | D:5      | Reached *** piety under Trog
  4928 | D:5      | Reached skill level 9 in Stealth
  5139 | D:5      | Reached XP level 9. HP: 37/55 MP: 9/9
  5658 | D:5      | You are sucked into a shaft and drop 2 floors!
  5687 | D:7      | Found a staircase to the Ecumenical Temple.
  5919 | D:6      | HP: 3/82 [orc warrior/+0 short sword (7)]
  5921 | D:6      | Reached skill level 10 in Stealth
  7418 | D:6      | Found a bloodstained altar of Trog.
  7840 | D:6      | Reached skill level 11 in Stealth
  8277 | D:7      | Noticed a hornet
  8285 | D:7      | HP: 2/56 [poisoned by a hornet]
  8287 | D:7      | Paralysed by a hornet for 2 turns
  8287 | D:7      | Mangled by a hornet

Illustrated notes

Levels and vault maps discovered:
D:1:      lightli_molten_gateway, layout_loops_cross, serial_shops,
          nicolae_diamond_shop
D:2:      layout_loops_cross, basic_ecumenical_altar, uniq_jessica
D:3:      layout_basic, cheibrodos_sewer_entry_sluice, uniq_ijyb, uniq_grinder
D:4:      layout_layer_cave, chequers_hall_statues_corner_a,
          hangedman_glass_teeth
D:5:      layout_basic, uniq_sigmund
D:6:      layout_gridville, trog_three_pillars_becter
D:7:      layout_loops_ring, minmay_temple_entry_tees, grunt_decor_clamped

Skill      XL: |  1  2  3  4  5  6  7  8  9 |
---------------+----------------------------+-----
Stealth        | 1 3 4 5 6 7 9 11 | 11.0
Fighting       | 4 5 6 |  6.8
Short Blades   | 5 6 7 8 |  8.3
Dodging        | 3 4 5 6 |  6.5
Armour         | |  1.5

Action                   |  1- 3 |  4- 6 |  7- 9 || total
-------------------------+-------+-------+-------++-------
Melee: Short sword       |    18 |       |       ||    18
       Dagger            |    13 |    90 |   305 ||   408
       Punch             |       |       |     8 ||     8
Invok: Berserk           |       |     2 |     3 ||     5
       Trog's Hand       |       |       |     3 ||     3
  Use: Potion            |       |       |     2 ||     2
 Stab: Sleeping          |    12 |    18 |    26 ||    56
       Distracted        |       |     1 |     2 ||     3
Armor: Animal skin       |     2 |    13 |    25 ||    40
Dodge: Dodged            |     5 |    30 |   180 ||   215

Table legend: (Time is in decaauts)
 A = Elapsed time spent in this place.
 B = Non-inter-level travel time spent in this place.
 C = Inter-level travel time spent in this place.
 D = Time resting spent in this place.
 E = Time spent auto-exploring this place.
 F = Levels seen in this place.
 G = Mean time per level.
                   A        B        C        D        E       F      G
               +--------+--------+--------+--------+--------+-----+--------+
         Total |   8193 |   7990 |    203 |   1514 |   5406 |   8 | 1024.1 |
       Dungeon |   7874 |   7671 |    203 |   1375 |   5397 |   7 | 1124.9 |
         Sewer |    319 |    319 |      0 |    139 |      9 |   1 |  319.0 |
               +--------+--------+--------+--------+--------+-----+--------+

Top non-repeatable levels by time:
     D:6: 2486 daAuts
     D:5: 1412 daAuts
     D:4: 1277 daAuts
     D:2: 984 daAuts
     D:1: 833 daAuts
     D:3: 787 daAuts
   Sewer: 319 daAuts
     D:7: 91 daAuts
